 Dungeon Crawl Stone Soup version 0.27-a0-1084-g78b3836a5f (webtiles) character file.

Game seed: 9599473311962969853

37 derath95 the Shield-Bearer (level 3, -5/23 HPs)
             Began as a Gargoyle Fighter on Apr 26, 2021.
             Slain by Sigmund
             ... wielding a +0 scythe
              (12 damage)
             ... on level 2 of the Dungeon.
             The game lasted 00:05:34 (995 turns).

derath95 the Shield-Bearer (Gargoyle Fighter)        Turns: 995, Time: 00:05:35

Health: -5/23      AC: 10    Str: 19    XL:     3   Next: 39%
Magic:  3/3        EV:  7    Int:  9    God:
Gold:   82         SH:  9    Dex:  9    Spells: 2/2 levels left

rFire    . . .     SeeInvis .   a - +0 war axe
rCold    . . .     Faith    .   c - +0 kite shield
rNeg     + . .     Spirit   .   b - +0 scale mail
rPois    ∞         Reflect  .   (no helmet)
rElec    +         Harm     .   (no cloak)
rCorr    .         Rampage  .   (no gloves)
Will     .....                  (no boots)
Stlth    ..........             (no amulet)
HPRegen  0.07/turn              (no ring)
MPRegen  0.08/turn              (no ring)

@: no status effects
A: AC +3, negative energy resistance 1, electricity resistance, torment
resistance 1, unbreathing 1, petrification resistance
a: no special abilities


You were on level 2 of the Dungeon.
You visited 1 branch of the dungeon, and saw 2 of its levels.

You collected 82 gold pieces.

Inventory:

Hand Weapons
 a - a +0 war axe (weapon)
Armour
 b - a +0 scale mail (worn)
 c - a +0 kite shield (worn)
Scrolls
 e - 2 scrolls of teleportation {unknown}
 f - a scroll of acquirement {unknown}
 g - a scroll of enchant weapon {unknown}
 i - a scroll of identify {unknown}
Potions
 d - a potion of might
 h - 2 potions of curing {unknown}
 j - a potion of degeneration {unknown}


   Skills:
 + Level 3.5 Fighting
 + Level 2.0 Axes
 + Level 3.7 Armour
 + Level 0.3 Dodging
 + Level 3.8 Shields
 * Level 0.3 Spellcasting


You had 2 spell levels left.
You didn't know any spells.
Your spell library was empty.

Dungeon Overview and Level Annotations

Branches:
Dungeon (2/15)

Altars:

Annotations:
D:2 Sigmund


Innate Abilities, Weirdness & Mutations

Your stone body is resilient. (AC +3)
You are immune to poison.
You resist negative energy. (rN+)
You are resistant to electric shocks. (rElec)
You are resistant to unholy torment.
You can survive without breathing.
You are immune to petrification.


Message History

You slash the hobgoblin!
You kill the hobgoblin!
You see here a +0 long sword.
A ball python comes into view.
The ball python hisses angrily.
You hit the ball python.
You kill the ball python!
A ball python comes into view.
The ball python hisses angrily.
You see here a ball python corpse.
An endoplasm comes into view.
The ball python completely misses you. The ball python grabs you.
The ball python constricts you.
The ball python bites you but does no damage.
The ball python constricts you.
You closely miss the ball python.
The ball python bites you but does no damage.
The ball python constricts you. You block the ball python's attack.
The ball python constricts you.
You slash the ball python!
You kill the ball python!
You slash the endoplasm!
You kill the endoplasm!
Your Axes skill increases to level 2!
Sigmund the Dreaded comes into view.
He is wielding a +0 scythe.
Sigmund shouts!
Sigmund points at himself and mumbles some strange words.
Sigmund flickers and vanishes!
Deactivating autopickup; reactivate with Ctrl-A.
Found a scroll labelled VEUGAOSEVE.
A puff of flame appears from out of thin air!
The puff of flame hits you.
A rat comes into view.
Something tries to affect you, but you resist.
You see here a ball python corpse.
Something hits you. Something hits you!
You slash something! Something hits you!
Ouch! That really hurt!
You die...

... #...#
#....##########...#
#...r.........†...#
#.##..........#...#
#..........##...# #
#.###########.####.#
# #.#....# ####{†.#
####..@.### #...<##)#
#.###.#####.###
#<........†...#
#...#..######.#.g...#
###.... #.###....
....... ..# ...
#..#### .## <. #.. #.
.


There were no monsters in sight!

Vanquished Creatures
  2 dart slugs
  4 ball pythons
  2 endoplasms
  A giant cockroach (D:1)
  4 goblins (D:1)
  5 hobgoblins
  2 kobolds (D:1)
  2 quokkas (D:2)
  3 bats (D:1)
  A frilled lizard (D:1)
  3 rats
29 creatures vanquished.

Notes
Turn   | Place    | Note
-------+----------+-------------------------------------------
     0 | D:1      | derath95 the Gargoyle Fighter began the quest for the Orb.
     0 | D:1      | Reached XP level 1. HP: 14/14 MP: 1/1
   177 | D:1      | Reached XP level 2. HP: 19/19 MP: 2/2
   497 | D:1      | Reached XP level 3. HP: 9/23 MP: 3/3
   809 | D:1      | Found a faded altar of an unknown god.
   971 | D:2      | Noticed Sigmund
   995 | D:2      | Slain by Sigmund

Illustrated notes

Levels and vault maps discovered:
D:1:      dpeg_arrival_castle, layout_rooms,
          hellmonk_ecumenical_altar_arch_garden, minmay_small_reverse_x
D:2:      layout_rooms, basic_altar, uniq_sigmund, uniq_robin

Skill      XL: |  1  2  3 |
---------------+----------+-----
Axes           | 2 |  2.0
Fighting       | |  3.5
Armour         | |  3.7
Dodging        | |  0.3
Shields        | |  3.8
Spellcasting   | |  0.3

Action                   || total
-------------------------++-------
Melee: War axe           ||   100
Armor: Scale mail        ||    71
Dodge: Dodged            ||    34
Block: Kite shield       ||    57

Table legend: (Time is in decaauts)
 A = Elapsed time spent in this place.
 B = Non-inter-level travel time spent in this place.
 C = Inter-level travel time spent in this place.
 D = Time resting spent in this place.
 E = Time spent auto-exploring this place.
 F = Levels seen in this place.
 G = Mean time per level.
                   A        B        C        D        E       F      G
               +--------+--------+--------+--------+--------+-----+--------+
         Total |   1067 |   1028 |     39 |    251 |    377 |   2 |  533.5 |
       Dungeon |   1067 |   1028 |     39 |    251 |    377 |   2 |  533.5 |
               +--------+--------+--------+--------+--------+-----+--------+

Top non-repeatable levels by time:
     D:1: 978 daAuts
     D:2: 88 daAuts
